 Dungeon Crawl Stone Soup version 0.30-a0-924-g0ad0bf95bc (webtiles) character file.

Game seed: 15901000007136457694

496084 ragingrage the Fencer (level 26, -15/208 HPs)
             Began as a Human Warper on Mar 22, 2023.
             Was the Champion of Nemelex Xobeh.
             Demolished by a tentacled monstrosity (20 damage)
             ... on level 1 of the Realm of Zot.
             The game lasted 02:20:16 (101208 turns).

ragingrage the Fencer (Human Warper)              Turns: 101208, Time: 02:20:17

Health: -15/208    AC: 17    Str: 11    XL:     26   Next: 7%
Magic:  12/32      EV: 21    Int: 17    God:    Nemelex Xobeh [******]
Gold:   4082       SH:  0    Dex: 24    Spells: 17/35 levels left

rFire   + . .      SeeInvis +    a - +9 triple sword (freeze)
rCold   + . .      Faith    .    (shield currently unavailable)
rNeg    + . .      Spirit   .    d - +3 ring mail {rC+}
rPois   +          Reflect  .    O - +2 helmet
rElec   +          Rampage  +    A - scarf {repulsion}
rCorr   .          Clarity  +    J - +0 pair of gloves of Undesirable Species {Int+3}
Will    +++..      Harm     + .  Y - +2 pair of boots {rampage}
Stlth   +++                      t - amulet of Hiotwot {RegenMP Harm rPois Dex-3}
HPRegen 0.54/turn                G - ring of Afionwif {rElec rF+ Int-2 Dex+5 SInv}
MPRegen 0.63/turn                U - ring "Pyzuihea" {*Corrode rN+ Will+ AC+4 Int+3}

@: corroded, slowed, constricted, studying 2 skills, repel missiles, very slow
A: iridescent scales 1, clarity, dopey 1, low MP 1, strong-willed 1, weak 1,
wild magic 1
}: 3/15 runes: barnacled, slimy, gossamer
a: Renounce Religion, Draw Escape, Draw Destruction, Draw Summoning, Draw Stack,
Triple Draw, Deal Four, Stack Five


You were on level 1 of the Realm of Zot.
You worshipped Nemelex Xobeh.
Nemelex Xobeh was exalted by your worship.
You visited 10 branches of the dungeon, and saw 47 of its levels.
You visited the Abyss 1 time.
You also visited: Trove, Bailey and Ice Cave.

You collected 6901 gold pieces.
You spent 2819 gold pieces at shops.

Inventory:

Hand Weapons
 a - a +9 triple sword of freezing (weapon)
 b - the +8 autumn katana {manifold assault}
   (You found it on level 2 of the Spider Nest)

   Manifold Assault: It sometimes launches melee attacks against multiple
   visible enemies.
 c - a +3 dagger of venom
 q - a +2 demon blade of electrocution
Missiles
 M - a curare-tipped dart
 Q - 9 throwing nets
Armour
 d - a +3 ring mail of cold resistance (worn)
 r - quicksilver dragon scales
 A - a scarf of repulsion (worn)
 J - the +0 pair of gloves of Undesirable Species (worn) {Int+3}
   (You found it on level 3 of the Elven Halls)

   Int:       It affects your intelligence (+3).
 O - a +2 helmet (worn)
 Y - a +2 pair of boots of rampaging (worn)
Jewellery
 o - the ring "Jetucaym" {rC+++ rCorr MP+9 Dex-5}
   (You bought it in a shop on level 3 of the Depths)

   [ring of magical power]

   Dex:       It affects your dexterity (-5).
   rC:        It renders you almost immune to cold.
   MP:        It affects your magic capacity (+9).
   rCorr:     It protects you from acid and corrosion.
 t - the amulet of Hiotwot (around neck) {RegenMP Harm rPois Dex-3}
   (You took it off a deep elf annihilator on level 3 of the Elven Halls)

   [amulet of magic regeneration]

   It increases your rate of magic regeneration.
   Dex:       It affects your dexterity (-3).
   rPois:     It protects you from poison.
   Harm:      It increases damage dealt and taken.
 G - the ring of Afionwif (left hand) {rElec rF+ Int-2 Dex+5 SInv}
   (You found it on level 5 of the Dungeon)

   [ring of see invisible]

   Int:       It affects your intelligence (-2).
   Dex:       It affects your dexterity (+5).
   rF:        It protects you from fire.
   rElec:     It insulates you from electricity.
   SInv:      It lets you see invisible.
 P - the ring of Lijin {rF+ Will+ Str+3}
   (You found it on level 2 of the Shoals)

   [ring of protection from fire]

   Str:       It affects your strength (+3).
   rF:        It protects you from fire.
   Will:      It increases your willpower.
 U - the ring "Pyzuihea" (right hand) {*Corrode rN+ Will+ AC+4 Int+3}
   (You found it on level 6 of the Dungeon)

   [ring of protection]

   AC:        It affects your AC (+4).
   Int:       It affects your intelligence (+3).
   rN:        It protects you from negative energy.
   *Corrode:  It may corrode you when you take damage.
   Will:      It increases your willpower.
Wands
 f - a wand of digging (44)
 F - a wand of charming (43)
 K - a wand of acid (11)
 R - a wand of iceblast (60)
Scrolls
 s - 20 scrolls of teleportation
 u - 2 scrolls of enchant armour
 x - 7 scrolls of fog
 y - 9 scrolls of blinking
 z - 6 scrolls of immolation
 B - 10 scrolls of fear
 H - 3 scrolls of butterflies
 L - 5 scrolls of silence
 N - 4 scrolls of poison
 S - 8 scrolls of magic mapping
Potions
 e - 7 potions of haste
 h - 7 potions of cancellation
 i - a potion of curing
 m - 7 potions of magic
 n - 9 potions of mutation
 p - 8 potions of might
 w - 10 potions of flight
 C - 11 potions of ambrosia
 D - 2 potions of berserk rage
 I - 7 potions of brilliance
 T - 8 potions of lignification
 V - 8 potions of heal wounds
 X - 2 potions of invisibility
 Z - 5 potions of resistance
Miscellaneous
 g - a lightning rod (4/4)
 j - a phantom mirror
 l - a condenser vane
 v - a phial of floods
 E - a box of beasts
 W - a tin of tremorstones (2/2)


   Skills:
 - Level 17.0 Fighting
 - Level 4.4(14.4) Short Blades
 + Level 20.9(21.1) Long Blades
 - Level 1.0 Throwing
 - Level 11.0 Armour
 - Level 18.0 Dodging
 - Level 6.0 Stealth
 - Level 5.0 Shields
 - Level 5.0 Spellcasting
 - Level 15.0 Translocations
 - Level 7.0 Transmutations
 - Level 2.0 Air Magic
 - Level 19.0 Invocations
 + Level 15.0 Evocations


You had 17 spell levels left.
You knew the following spells:

 Your Spells              Type           Power      Damage    Failure   Level
a - Wereblood             Tmut           36%        N/A       4%          2
b - Lesser Beckoning      Tloc           100%       N/A       1%          2
c - Vhi's Electric Charg  Tloc/Air       86%        N/A       4%          3
d - Apportation           Tloc           100%       N/A       1%          1
e - Passage of Golubria   Tloc           64%        N/A       1%          4
f - Manifold Assault      Tloc           64%        N/A       1%          4
g - Blink                 Tloc           100%       N/A       1%          2

Your spell library contained the following spells:

 Spells                   Type           Power      Damage    Failure   Level
 Gell's Gravitas          Tloc           64%        N/A       1%          3
 Teleport Other           Tloc           64%        N/A       1%          3
 Portal Projectile        Hex/Tloc       76%        N/A       6%          3
 Sting                    Tmut/Pois      80%        1d7       10%         1
 Kindle Blastsparks       Fire/Tloc/Air  60%        2d15      13%         3
 Passwall                 Tmut/Erth      16%        N/A       14%         2
 Shock                    Conj/Air       36%        1d5       26%         1
 Spider Form              Tmut/Pois      20%        N/A       26%         3
 Freeze                   Ice            20%        1d4       34%         1
 Kiss of Death            Conj/Necr      20%        2d7       34%         1
 Magic Dart               Conj           20%        1d4       34%         1
 Necrotise                Necr           20%        1d5       34%         1
 Sandblast                Erth           10%        2d5       34%         1
 Summon Small Mammal      Summ           20%        N/A       34%         1
 Poisonous Vapours        Pois/Air       18%        N/A       34%         2
 Static Discharge         Conj/Air       18%        2-3/arc   34%         2
 Cigotuvi's Dreadful Rot  Necr/Pois/Air  16%        N/A       41%         2
 Ignite Poison            Fire/Tmut/Pois 15%        N/A       41%         3
 Swiftness                Air            14%        N/A       43%         3
 Summon Forest            Summ/Tloc      19%        N/A       43%         5
 Searing Ray              Conj           10%        2d4       47%         2
 Sublimation of Blood     Necr           5%         N/A       47%         2
 Blade Hands              Tmut           18%        N/A       47%         5
 Mephitic Cloud           Conj/Pois/Air  8%         N/A       63%         3
 Ice Form                 Ice/Tmut       20%        N/A       63%         4
 Petrify                  Tmut/Erth      20%        N/A       63%         4
 Call Canine Familiar     Summ           5%         N/A       71%         3
 Confusing Touch          Hex            5%         N/A       71%         3
 Dazzling Flash           Conj/Hex       10%        N/A       71%         3
 Frozen Ramparts          Ice            10%        1d2       71%         3
 Hailstorm                Conj/Ice       5%         3d4       71%         3
 Ozocubu's Armour         Ice            5%         N/A       71%         3
 Stone Arrow              Conj/Erth      10%        3d7       71%         3
 Summon Guardian Golem    Hex/Summ       5%         N/A       71%         3
 Tukima's Dance           Hex            5%         N/A       71%         3
 Vampiric Draining        Necr           5%         2d6       71%         3
 Airstrike                Air            7%         2d(1-17)  82%         4
 Alistair's Intoxication  Tmut/Pois      13%        N/A       91%         5
 Irradiate                Conj/Tmut      10%        3d15      91%         5
 Yara's Violent Unravell  Hex/Tmut       10%        3d6       91%         5
 Anguish                  Hex/Necr       2%         N/A       97%         4
 Animate Armour           Summ/Erth      10%        N/A       97%         4
 Cause Fear               Hex            2%         N/A       97%         4
 Dispel Undead            Necr           5%         3d7       97%         4
 Fulminant Prism          Conj/Hex       2%         3d5       97%         4
 Leda's Liquefaction      Hex/Erth       2%         N/A       97%         4
 Olgreb's Toxic Radiance  Pois           5%         N/A       97%         4
 Arcjolt                  Conj/Air       4%         1d14      99%         5
 Silence                  Hex/Air        4%         N/A       99%         5
 Disjunction              Tloc           32%        N/A       99%         8
 Agony                    Necr           5%         N/A       100%        5
 Borgnjor's Vile Clutch   Necr/Erth      2%         N/A       100%        5
 Freezing Cloud           Conj/Ice/Air   4%         6-21      100%        5
 Iskenderun's Battlesphe  Conj           5%         2d6       100%        5
 Lee's Rapid Deconstruct  Erth           2%         3d5*      100%        5
 Metabolic Englaciation   Hex/Ice        2%         N/A       100%        5
 Summon Mana Viper        Hex/Summ       5%         N/A       100%        5
 Conjure Ball Lightning   Conj/Air       4%         3x3d6     100%        6
 Death Channel            Necr           2%         N/A       100%        6
 Eringya's Noxious Bog    Tmut/Pois      10%        N/A       100%        6
 Iron Shot                Conj/Erth      2%         9d2       100%        6
 Simulacrum               Ice/Necr       2%         N/A       100%        6
 Statue Form              Tmut/Erth      13%        N/A       100%        6
 Summon Cactus Giant      Summ           2%         N/A       100%        6
 Dragon Form              Tmut           18%        N/A       100%        7
 Enfeeble                 Hex            2%         N/A       100%        7
 Haunt                    Necr/Summ      2%         N/A       100%        7
 Orb of Destruction       Conj           2%         9d5       100%        7
 Ozocubu's Refrigeration  Ice            2%         4d8       100%        7
 Spellforged Servitor     Conj/Summ      2%         N/A       100%        7
 Storm Form               Tmut/Air       12%        N/A       100%        7
 Summon Hydra             Summ           2%         N/A       100%        7
 Discord                  Hex            2%         N/A       100%        8
 Ignition                 Fire           2%         3d3       100%        8
 Infestation              Necr           2%         N/A       100%        8
 Lehudib's Crystal Spear  Conj/Erth      2%         10d2      100%        8
 Necromutation            Tmut/Necr      10%        N/A       100%        8
 Chain Lightning          Conj/Air       4%         3d6       100%        9
 Death's Door             Necr           2%         N/A       100%        9
 Dragon's Call            Summ           2%         N/A       100%        9
 Fire Storm               Conj/Fire      2%         8d1       100%        9
 Polar Vortex             Ice            2%         N/A       100%        9
 Shatter                  Erth           2%         3d6*      100%        9


Dungeon Overview and Level Annotations

Branches:
Dungeon (15/15)            Temple (0/1) D:6            Lair (5/5) D:8
 Shoals (4/4) Lair:2       Spider (4/4) Lair:3        Slime (5/5) Lair:5
    Orc (2/2) D:12            Elf (3/3) Orc:2        Vaults (4/5) D:14
  Crypt (0/3) Vaults:2     Depths (4/4) D:15            Zot (1/5) Depths:4
 Bailey (visited)           IceCv (visited)

Altars:
Elyvilon
Gozag
Kikubaaqudgha
Makhleb
Nemelex Xobeh
Okawaru
Qazlal
Sif Muna
Uskayaw
Wu Jian
Xom
Zin
Jiyva

Shops:
Orc:2 :?!   Elf:1 =   Elf:3 [:*==   Shoals:2 (   Vaults:1 (   Vaults:3 (*
Depths:1 **   Depths:3 =   Depths:4 (

Portals:
Hell: Depths:1 Depths:2 Depths:3 Depths:4
Abyss: D:5 Depths:1 Depths:3 Depths:4
Pandemonium: Depths:2
Ziggurat: Depths:1

Annotations:
D:7 exclusion: upstairs
Lair:4 exclusion: 2 downstairs
Shoals:1 exclusion: downstairs
Shoals:3 exclusion: downstairs
Spider:2 1 runed translucent door, Apeir's ghost, adept MfFi
Slime:4 exclusion: downstairs
Elf:2 3 runed translucent doors
Vaults:5 !


Innate Abilities, Weirdness & Mutations

You are partially covered in iridescent scales. (AC +2)
You possess an exceptional clarity of mind.
You are dopey. (Int -2)
Your magical capacity is low. (-10% MP)
You are strong-willed. (Will+)
You are weak. (Str -2)
Your spells are a little harder to cast, but a little more powerful.


Message History

* * * LOW HITPOINT WARNING * * *
The tentacled monstrosity barely misses you.
The tentacled monstrosity constricts you.
* * * LOW HITPOINT WARNING * * *
The golden dragon bites your butterfly!!!
Your butterfly dies!
Your butterfly disappears in a burst of colours!
Unknown command.
Unknown command.
The tentacled monstrosity's grasp on you weakens, but your attempt to escape fails.
The death cob hits your butterfly!
Your butterfly dies!
Your butterfly disappears in a burst of colours!
The death cob misses your butterfly.
The tentacled monstrosity tentacle-slaps you!
* * * LOW HITPOINT WARNING * * *
Your corrosive artefact corrodes you!
The tentacled monstrosity tentacle-slaps you.
* * * LOW HITPOINT WARNING * * *
The tentacled monstrosity tentacle-slaps you but does no damage.
The tentacled monstrosity constricts you.
* * * LOW HITPOINT WARNING * * *
The golden dragon bites your butterfly!!
Your butterfly dies!
Your butterfly disappears in a burst of colours!
The tentacled monstrosity tentacle-slaps you!
* * * LOW HITPOINT WARNING * * *
The tentacled monstrosity misses you.
The tentacled monstrosity tentacle-slaps you.
* * * LOW HITPOINT WARNING * * *
The tentacled monstrosity constricts you.
* * * LOW HITPOINT WARNING * * *
Blink to where?
The tentacled monstrosity's grasp on you weakens, but your attempt to escape fails.
As you read the scroll of blinking, it crumbles to dust.
The death cob closely misses you. The death cob misses you.
The tentacled monstrosity barely misses you.
The tentacled monstrosity tentacle-slaps you!
You die...
Your body glows with a rainbow of weird colours and disappears. ..## ...# .# ## ...# ..# .. #.. #bb###..# ##.####.. #..#bbb.# ........# #bbbb.b.# ........# #.bbbbbb#

........# #@.b....#
........###Xzbbbb.#
......d.y.zDb.b.b..
.......ยง#yDb.###b..
........###..# ..
........# #..# .
.......D# #..#
#..###... #..# #.
##.. #..#


You could see a tentacled monstrosity (berserk, ally target), 2 golden dragons,
2 death cobs and a moth of wrath.

Vanquished Creatures
  the Royal Jelly (Slime:5)
  2 ancient liches (Depths:3)
  A juggernaut (Depths:2)
  Sojobo (Vaults:3)
  Boris (twice) (Vaults:3 Vaults:4)
  Saint Roka (Depths:3)
  4 caustic shrikes
  5 golden dragons
  An iron giant (Depths:4)
  2 tentacled monstrosities
  2 hellephants (Depths:1)
  A walking crystal tome (Depths:2)
  Rupert (D:13)
  3 liches
  Jorgrun (Shoals:2)
  2 deep elf master archers (Elf:3)
  Polyphemus (Shoals:4)
  A walking divine tome (Depths:3)
  2 deep elf blademasters (Elf:3)
  A quicksilver dragon (Depths:2)
  A tentacled starspawn (Abyss:1)
  Gastronok (D:12)
  3 sphinxes
  20 acid blobs
  4 shadow dragons
  Ilsuiw (Shoals:4)
  2 tengu reavers (Vaults:3)
  Roxanne (Elf:1)
  9 azure jellies
  5 fire giants
  Donald (Spider:3)
  Kirke (Spider:2)
  2 storm dragons
  9 rockslimes
  4 emperor scorpions
  2 daevas (Depths:1)
  7 deep elf sorcerers
  A draconian knight (Depths:4)
  8 frost giants
  Louise (D:15)
  7 vault wardens
  5 ghost moths
  An angel (Depths:1)
  2 orc warlords
  A draconian shifter (Depths:4)
  3 deep elf elementalists
  12 ironbound preservers
  2 spriggan defenders (Depths:2)
  A war gargoyle (Vaults:4)
  A vampire knight (Depths:4)
  10 quicksilver oozes
  18 very ugly things
  4 broodmothers
  3 ironbound thunderhulks
  A green draconian (Abyss:1)
  9 deep elf annihilators
  A yellow draconian (Depths:4)
  8 dire elephants
  11 stone giants
  5 deep elf demonologists
  2 purple draconians (Depths:4)
  Azrael (D:13)
  2 spark wasps
  7 ettins
  11 merfolk impalers
  5 merfolk javelineers
  A crystal guardian (Vaults:4)
  6 deep elf death magi (Elf:3)
  6 entropy weavers
  9 fire dragons
  8 yaktaur captains
  4 deep elf high priests
  Fannar (Lair:1)
  Harold (Lair:1)
  13 great orbs of eyes
  A peacekeeper (Vaults:4)
  10 ice dragons
  2 rakshasas
  3 spriggan air magi (Depths:3)
  A vault guard (D:14)
  3 ogre magi
  6 hydras
  10 centaur warriors
  2 catoblepae
  12 ironbound frosthearts
  A death knight (D:14)
  2 anacondas (Lair:5)
  An anaconda (shapeshifter) (Elf:2)
  3 radroaches
  11 boulder beetles
  4 deep troll shamans
  21 two-headed ogres
  2 satyrs (Shoals:3)
  9 death yaks
  11 dancing weapons
  An alligator (Shoals:4)
  4 vampire magi
  9 hell hogs (Depths:1)
  2 orc high priests
  The ghost of relicbr the Unseen, a journeyman SpDe of Dithmenos (D:9)
  4 tengu warriors
  4 spriggan berserkers
  Urug (Lair:1)
  A shock serpent (Slime:3)
  8 deep troll earth magi
  15 hell knights
  8 deep elf knights
  Amaemon (Lair:3)
  A titan skeleton (Depths:2)
  3 sun moths
  3 wretched stars (Abyss:1)
  5 skysharks
  A shadow wraith (Abyss:1)
  7 skeletal warriors (D:13)
  A death drake (Shoals:4)
  A goliath frog (Shoals:4)
  7 iron trolls
  6 sea snakes
  A fire crab (Lair:5)
  3 pharaoh ants
  55 deep trolls
  A swamp dragon (Lair:5)
  13 orb spiders
  11 wizards
  8 deep elf archers
  3 large abominations (Abyss:1)
  A glowing orange brain (Slime:5)
  12 ironbound convokers
  7 necromancers
  29 deep elf zephyrmancers
  18 lindwurms
  4 steelbarb worms
  A mana viper (Abyss:1)
  26 ugly things
  3 phantasmal warriors
  A cyclops (shapeshifter) (D:14)
  An iron dragon zombie (Depths:2)
  4 orc knights
  23 deep elf pyromancers
  2 orc sorcerers
  19 manticores
  13 harpies
  14 cyclopes
  A tengu skeleton (Depths:2)
  8 shining eyes
  13 fauns
  12 wolf spiders
  11 elephants
  4 merfolk sirens
  7 water nymphs
  4 moths of wrath
  3 black mambas
  10 vault sentinels
  Maurice (Orc:1)
  7 demonic crawlers
  3 eyes of devastation
  A torpor snail (shapeshifter) (Elf:3)
  A smoke demon (Abyss:1)
  9 torpor snails
  An orange demon (Lair:3)
  2 gargoyles
  Maggie (D:7)
  7 cane toads
  An unseen horror (D:11)
  5 efreet
  2 freezing wraiths
  12 komodo dragons
  27 yaktaurs
  7 tengu conjurers
  2 ancient zymes
  A rime drake (Lair:2)
  13 trolls
  29 merfolk
  5 meliai
  2 polar bears
  3 tyrant leeches (Lair:5)
  5 wind drakes
  40 tarantellas
  7 hornets
  A raiju (Abyss:1)
  15 blink frogs
  10 snapping turtles
  11 dream sheep
  27 jumping spiders
  13 culicivoras
  Sigmund (D:6)
  48 yaks
  11 water elementals
  3 wraiths
  91 slime creatures
  4 vampires
  5 fire elementals
  2 hogs (Spider:3)
  26 humans
  2 wyverns (Lair:5)
  A ynoxinul (Abyss:1)
  A golden eye (shapeshifter) (Elf:1)
  A basilisk (shapeshifter) (Elf:2)
  7 basilisks
  3 steam dragons
  54 redbacks
  Grum (Lair:1)
  A neqoxec (Abyss:1)
  8 golden eyes
  Edmund (D:6)
  6 wargs
  14 vampire mosquitoes
  Menkaure (D:6)
  A human zombie (Depths:2)
  2 hell hounds (D:13)
  A swamp worm (Shoals:1)
  3 acid dragons
  12 water moccasins
  The ghost of BigDaddyOpFi the Magician, an amateur DEEE (D:5)
  5 floating eyes
  24 orc warriors
  A swamp drake (Lair:5)
  A sky beast (shapeshifter) (D:14)
  A sky beast (D:6)
  A black bear (D:5)
  28 ogres
  3 ice beasts
  5 boggarts (Vaults:3)
  18 centaurs
  13 wolves
  A lemure (D:5)
  2 phantoms (D:4)
  3 kobold brigands
  6 bullfrogs
  A gnoll sergeant (D:12)
  4 earth elementals
  6 scorpions
  3 wights (D:8)
  6 killer bees
  7 howler monkeys
  An electric eel (Lair:3)
  9 wolf zombies (Bailey)
  2 crimson imps (D:5)
  4 hounds
  20 orc priests
  3 gnoll boudas
  5 starcursed masses (Abyss:1)
  4 hell rats (Lair:5)
  8 iguanas
  15 orc wizards
  2 polar bear simulacra (IceCv)
  2 wolf simulacra (IceCv)
  6 small abominations
  Robin (D:3)
  15 gnolls
  19 orc zombies (Bailey)
  10 adders
  2 river rats (Lair:5)
  An ufetubus (Vaults:1)
  2 worms
  A dart slug (D:7)
  78 orcs
  7 endoplasms
  3 giant cockroaches
  15 goblins
  8 hobgoblins
  4 jackals (D:2)
  3 quokkas
  3 training dummies (Shoals:2)
  7 ball pythons
  5 bats
  3 frilled lizards
  27 kobolds
  16 rats
1888 creatures vanquished.

Vanquished Creatures (collateral kills)
  Mara (Spider:4)
  A golden dragon (Slime:3)
  Arachne (Spider:4)
  An acid blob (Slime:5)
  2 azure jellies (Slime:5)
  An orc warlord (Vaults:2)
  A ghost moth (Spider:1)
  A quicksilver ooze (Slime:5)
  A merfolk impaler (Shoals:4)
  A merfolk javelineer (Shoals:4)
  A hydra (Lair:4)
  A catoblepas (Shoals:4)
  A satyr (Shoals:4)
  A skyshark (Slime:3)
  A pharaoh ant (Spider:1)
  An orb spider (Spider:2)
  An ironbound convoker (Vaults:2)
  A shining eye (Slime:3)
  A manticore (Shoals:4)
  A guardian serpent (Slime:3)
  A smoke demon (Abyss:1)
  2 water nymphs (Shoals:4)
  An apocalypse crab (D:13)
  4 merfolk (Shoals:4)
  2 tarantellas (Spider:2)
  A tyrant leech (Lair:5)
  A wind drake (Slime:3)
  A blink frog (Lair:4)
  A snapping turtle (Shoals:4)
  A redback (Spider:1)
  An acid dragon (Lair:5)
37 creatures vanquished.

Vanquished Creatures (others)
  A spark wasp (Spider:1)
  A deep elf knight (Elf:2)
  A wizard (Vaults:2)
  A deep elf zephyrmancer (Elf:2)
  A cane toad (Lair:4)
  3 humans (Spider:3)
  A redback (Spider:3)
  An orc (Orc:2)
  A goblin (D:8)
  6 bushes
  A butterfly (Depths:2)
  46 fungi
  265 plants
  2 starspawn tentacles (Abyss:1)
331 creatures vanquished.

Grand Total: 2256 creatures vanquished

Notes
Turn   | Place    | Note
-------+----------+-------------------------------------------
     0 | D:1      | ragingrage the Human Warper began the quest for the Orb.
     0 | D:1      | Reached XP level 1. HP: 16/16 MP: 3/3
   106 | D:1      | Reached XP level 2. HP: 22/22 MP: 5/5
   489 | D:1      | Reached skill level 3 in Long Blades
   917 | D:2      | Reached XP level 3. HP: 27/27 MP: 6/6
  1130 | D:2      | Reached skill level 1 in Stealth
  1741 | D:3      | Reached XP level 4. HP: 33/33 MP: 7/7
  2028 | D:3      | Reached skill level 4 in Long Blades
  2042 | D:3      | Noticed Robin
  2097 | D:3      | Killed Robin
  2098 | D:3      | Reached XP level 5. HP: 34/38 MP: 8/8
  2229 | D:3      | Learned a level 2 spell: Blink
  2232 | D:3      | Learned a level 2 spell: Lesser Beckoning
  2246 | D:3      | Learned a level 3 spell: Vhi's Electric Charge
  2619 | D:4      | Found a shimmering altar of Xom.
  2788 | D:4      | Found a shimmering altar of Xom.
  2791 | D:4      | Found a shimmering altar of Xom.
  2862 | D:4      | Found a stormy altar of Qazlal.
  2971 | D:4      | Reached skill level 5 in Long Blades
  3114 | D:4      | Reached XP level 6. HP: 44/44 MP: 9/9
  3349 | D:4      | Noticed an ogre
  3359 | D:4      | Reached skill level 6 in Long Blades
  3363 | D:4      | Killed an ogre
  3364 | D:4      | Reached XP level 7. HP: 40/50 MP: 7/10
  3528 | D:4      | Reached skill level 7 in Long Blades
  3672 | D:4      | Noticed Blork the orc
  3676 | D:4      | Blork the orc changed into Blork the hound
  3676 | D:4      | Noticed Blork
  3685 | D:4      | Killed Blork the hound
  3740 | D:4      | Found an ornate altar of the Wu Jian Council.
  3847 | D:5      | Entered Level 5 of the Dungeon
  3864 | D:5      | Noticed BigDaddyOpFi's ghost (amateur DEEE)
  3882 | D:5      | Noticed Pikel
  4328 | D:4      | Reached skill level 1 in Short Blades
  4450 | D:5      | Found a transporter.
  4520 | D:5      | Identified the ring of Afionwif {rElec rF+ Int-2 Dex+5
                  | SInv}
  4686 | D:5      | Reached XP level 8. HP: 56/56 MP: 11/11
  4703 | D:5      | Found a sparkling altar of Nemelex Xobeh.
  4774 | D:4      | Reached skill level 8 in Long Blades
  5189 | D:5      | Found a transporter.
  5383 | D:5      | Found an ancient bone altar of Kikubaaqudgha.
  5395 | D:5      | Noticed an ancient zyme
  5462 | D:5      | Became a worshipper of Nemelex Xobeh the Trickster
  5502 | D:5      | Found a one-way gate to the infinite horrors of the Abyss.
  5522 | D:5      | Pikel changed into Pikel the black bear
  5522 | D:5      | Noticed Pikel
  5538 | D:5      | Killed Pikel the black bear
  6477 | D:6      | Reached skill level 9 in Long Blades
  6746 | D:6      | Reached XP level 9. HP: 51/61 MP: 12/12
  6869 | D:6      | Noticed Menkaure
  6869 | D:6      | Noticed Sigmund
  6990 | D:7      | Reached * piety under Nemelex Xobeh
  7105 | D:6      | Noticed Edmund
  7333 | D:7      | Noticed Maggie
  7431 | D:8      | Reached skill level 10 in Long Blades
  7452 | D:8      | Learned a level 1 spell: Apportation
  7456 | D:8      | Learned a level 3 spell: Teleport Other
  7848 | D:8      | Reached skill level 5 in Translocations
  7869 | D:8      | Found a flagged portal.
  7878 | Bailey   | Entered a bailey
  7920 | Bailey   | Reached skill level 11 in Long Blades
  8862 | Bailey   | Reached XP level 10. HP: 50/67 MP: 13/13
  8952 | Bailey   | Received a gift from Nemelex Xobeh
  9520 | Bailey   | Noticed a gargoyle
  9710 | D:8      | Noticed a deep elf pyromancer
  9756 | D:7      | Reached skill level 12 in Long Blades
  9827 | D:7      | Found a hide-covered altar of Uskayaw.
  9828 | D:7      | Found a glowing silver altar of Zin.
 10665 | D:8      | Found a staircase to the Lair.
 10725 | D:8      | Reached skill level 13 in Long Blades
 11024 | D:8      | Killed a deep elf pyromancer
 11045 | D:8      | Received a gift from Nemelex Xobeh
 11766 | D:9      | Noticed a two-headed ogre
 11790 | D:9      | Killed a two-headed ogre
 11791 | D:9      | Reached skill level 1 in Invocations
 11791 | D:9      | Reached skill level 1 in Evocations
 11791 | D:9      | Reached XP level 11. HP: 74/74 MP: 14/14
 11932 | D:9      | Noticed a two-headed ogre
 11943 | D:9      | Killed a two-headed ogre
 12046 | D:9      | Reached ** piety under Nemelex Xobeh
 12066 | D:9      | You fall into a shaft and drop 1 floor!
 12066 | D:10     | Entered Level 10 of the Dungeon
 12354 | D:9      | Found a runed translucent door.
 12354 | D:9      | Noticed relicbr's ghost (journeyman SpDe)
 12401 | D:9      | Received a gift from Nemelex Xobeh
 12408 | D:9      | Found a shimmering blue altar of Sif Muna.
 12611 | D:6      | Killed Menkaure
 12644 | D:6      | Killed Sigmund
 12730 | D:6      | Identified the ring "Pyzuihea" {*Corrode rN+ Will+ AC+4
                  | Int+3}
 12787 | D:6      | Found a staircase to the Ecumenical Temple.
 13051 | D:6      | Killed Edmund
 13131 | D:7      | Killed Maggie
 13230 | Lair:1   | Entered Level 1 of the Lair of Beasts
 13508 | Lair:1   | Noticed Urug
 13527 | Lair:1   | Noticed Grum
 13556 | Lair:1   | Noticed Fannar
 13739 | Lair:1   | Killed Fannar
 13844 | Lair:1   | Noticed Harold
 13915 | Lair:1   | Reached skill level 5 in Dodging
 14094 | Lair:1   | Reached skill level 5 in Fighting
 14094 | Lair:1   | Reached skill level 5 in Invocations
 14157 | Lair:1   | Killed Grum
 14454 | Lair:1   | Reached XP level 12. HP: 55/86 MP: 16/16
 14653 | Lair:1   | Killed Urug
 14849 | Lair:3   | Received a gift from Nemelex Xobeh
 14889 | Lair:3   | Reached *** piety under Nemelex Xobeh
 15059 | Lair:3   | Noticed Amaemon
 15063 | Lair:3   | Killed Amaemon
 15630 | Lair:3   | Received a gift from Nemelex Xobeh
 16052 | Lair:2   | Learned a level 4 spell: Manifold Assault
 16312 | Lair:2   | Received a gift from Nemelex Xobeh
 17036 | Lair:3   | Noticed a boulder beetle
 17058 | Lair:3   | Killed a boulder beetle
 17067 | Lair:3   | Noticed a five-headed hydra
 17119 | Lair:3   | Killed a five-headed hydra
 17146 | Lair:3   | Found a hole to the Spider Nest.
 17201 | Lair:3   | Reached XP level 13. HP: 84/93 MP: 19/19
 18010 | Lair:2   | Reached **** piety under Nemelex Xobeh
 18010 | Lair:2   | Received a gift from Nemelex Xobeh
 18107 | Lair:2   | Found a staircase to the Shoals.
 19091 | Lair:4   | Noticed a catoblepas
 19121 | Lair:4   | Killed a catoblepas
 19511 | Lair:4   | Received a gift from Nemelex Xobeh
 19615 | Lair:4   | Received a gift from Nemelex Xobeh
 19662 | Lair:4   | Noticed a seven-headed hydra
 19674 | Lair:4   | Killed a seven-headed hydra
 20276 | Lair:5   | Entered Level 5 of the Lair of Beasts
 20276 | Lair:5   | Noticed a five-headed hydra
 20276 | Lair:5   | Received a gift from Nemelex Xobeh
 20604 | Lair:5   | Reached skill level 10 in Translocations
 21486 | Lair:4   | Reached XP level 14. HP: 71/103 MP: 4/20
 22366 | Lair:5   | Received a gift from Nemelex Xobeh
 23834 | Lair:5   | Reached skill level 5 in Armour
 23991 | Lair:5   | Reached skill level 10 in Invocations
 24646 | Lair:5   | Received a gift from Nemelex Xobeh
 24845 | Lair:5   | Found a runed translucent door.
 26245 | Lair:5   | Found a viscous altar of Jiyva.
 26247 | Lair:5   | Found a staircase to the Slime Pits.
 27074 | D:11     | Received a gift from Nemelex Xobeh
 27777 | D:11     | Reached ***** piety under Nemelex Xobeh
 27886 | D:11     | Reached XP level 15. HP: 88/112 MP: 7/22
 27893 | D:11     | Received a gift from Nemelex Xobeh
 29277 | D:12     | Received a gift from Nemelex Xobeh
 29343 | D:12     | Noticed Gastronok
 29360 | D:12     | Killed Gastronok
 29467 | D:12     | Found a staircase to the Orcish Mines.
 29473 | D:12     | Reached skill level 1 in Shields
 30382 | D:12     | Received a gift from Nemelex Xobeh
 30893 | D:13     | Found a frozen archway.
 30904 | IceCv    | Entered an ice cave
 31021 | IceCv    | Found a transporter.
 31032 | IceCv    | Found a transporter.
 31227 | D:13     | Received a gift from Nemelex Xobeh
 31358 | D:13     | Noticed Rupert
 31803 | D:13     | Noticed Azrael
 31848 | D:13     | Killed Azrael
 32681 | D:13     | Received a gift from Nemelex Xobeh
 32944 | D:13     | Paralysed by Rupert for 5 turns
 32945 | D:13     | Killed Rupert
 33115 | Orc:1    | Entered Level 1 of the Orcish Mines
 33430 | Orc:1    | Noticed Maurice
 33484 | Orc:1    | Killed Maurice
 33793 | Orc:2    | Entered Level 2 of the Orcish Mines
 33793 | Orc:2    | Found a staircase to the Elven Halls.
 34477 | Orc:1    | Received a gift from Nemelex Xobeh
 35302 | Orc:1    | Reached skill level 14 in Long Blades
 35703 | Orc:1    | Reached XP level 16. HP: 86/122 MP: 5/24
 36184 | Orc:1    | Reached skill level 10 in Fighting
 36807 | Orc:2    | Reached skill level 10 in Dodging
 37970 | Orc:2    | Found a burning altar of Makhleb.
 38001 | Orc:2    | Received a gift from Nemelex Xobeh
 38007 | Orc:2    | Found Pinkalel's Book Shoppe.
 38012 | Orc:2    | Found Xumeucs's Armour Shoppe.
 38013 | Orc:2    | Found Nuchamah's Magic Scroll Shop.
 38022 | Orc:2    | Found Imia's Distillery.
 38025 | Orc:2    | Bought a scroll of butterflies for 52 gold pieces
 38025 | Orc:2    | Bought a scroll of fear for 52 gold pieces
 38030 | Orc:2    | Bought a potion of curing for 39 gold pieces
 38030 | Orc:2    | Bought 2 potions of resistance for 260 gold pieces
 38030 | Orc:2    | Bought a potion of haste for 130 gold pieces
 39989 | D:14     | Received a gift from Nemelex Xobeh
 39995 | D:14     | Learned a level 4 spell: Passage of Golubria
 40148 | D:14     | Reached ****** piety under Nemelex Xobeh
 41926 | D:14     | Received a gift from Nemelex Xobeh
 42044 | D:14     | Reached XP level 17. HP: 128/128 MP: 3/26
 42110 | D:15     | Entered Level 15 of the Dungeon
 42188 | D:15     | Found the +5 robe of Night {Dark Will+ SInv}
 42865 | D:15     | Noticed Louise
 43164 | D:5      | Killed BigDaddyOpFi's ghost
 43165 | D:5      | Reached skill level 15 in Long Blades
 43183 | Abyss:1  | Found a corrupted altar of Lugonu.
 43183 | Abyss:1  | Cast into level 1 of the Abyss (kobold brigand)
 43277 | Abyss:1  | Found a corrupted altar of Lugonu.
 43460 | Abyss:1  | Found a corrupted altar of Lugonu.
 43613 | Abyss:1  | Noticed a tentacled starspawn
 43622 | Abyss:1  | Killed a tentacled starspawn
 43633 | Abyss:1  | Received a gift from Nemelex Xobeh
 44031 | D:5      | Escaped the Abyss
 44285 | D:9      | Killed relicbr's ghost
 44286 | D:9      | Reached skill level 10 in Armour
 44367 | Lair:1   | Killed Harold
 45371 | Shoals:1 | Entered Level 1 of the Shoals
 46070 | Shoals:1 | Identified the +12 quarterstaff of Melee {venom, rF+ Int+4}
 46088 | Shoals:1 | Received a gift from Nemelex Xobeh
 46766 | Shoals:1 | Received a gift from Nemelex Xobeh
 47310 | Shoals:2 | Noticed Jorgrun
 47671 | Shoals:2 | Killed Jorgrun
 47938 | Shoals:2 | Identified the ring of Lijin {rF+ Will+ Str+3}
 48144 | Shoals:2 | Found Sivybb's Firing Range.
 48612 | Shoals:2 | Received a gift from Nemelex Xobeh
 49662 | Shoals:3 | Received a gift from Nemelex Xobeh
 49831 | Shoals:3 | Upgraded the game from 0.30-a0-920-g7493c07aab to
                  | 0.30-a0-924-g0ad0bf95bc
 50257 | Shoals:3 | Reached XP level 18. HP: 134/134 MP: 15/28
 50457 | Shoals:3 | Noticed Nikola
 50458 | Shoals:3 | Nikola changed into Nikola the iron troll
 50458 | Shoals:3 | Noticed Nikola
 50471 | Shoals:3 | Killed Nikola the iron troll
 50761 | Shoals:4 | Entered Level 4 of the Shoals
 50815 | Shoals:4 | Noticed Ilsuiw
 50817 | Shoals:4 | Reached skill level 16 in Long Blades
 50820 | Shoals:4 | Killed Ilsuiw
 52404 | Shoals:4 | Reached skill level 17 in Long Blades
 53136 | Shoals:4 | Received a gift from Nemelex Xobeh
 54227 | Shoals:4 | Got a barnacled rune of Zot
 54622 | Shoals:4 | Identified the staff of death "Kuleucew" {rF+ rN+ Str-3
                  | SInv}
 54680 | Shoals:4 | Reached skill level 18 in Long Blades
 54762 | Shoals:4 | Identified the staff of earth "Ymia" {rElec Str+6}
 54790 | Shoals:4 | Noticed Polyphemus
 54810 | Shoals:4 | Killed Polyphemus
 55213 | Spider:1 | Entered Level 1 of the Spider Nest
 55745 | Spider:1 | Reached XP level 19. HP: 82/140 MP: 1/29
 56578 | Spider:1 | Reached skill level 19 in Long Blades
 57781 | Spider:2 | Received a gift from Nemelex Xobeh
 58635 | Spider:2 | Identified the +2 trident of Wariness {elec, Str+4 Int-4
                  | Dex+5}
 58661 | Spider:2 | Found a runed translucent door.
 58663 | Spider:2 | Noticed Apeir's ghost (adept MfFi)
 58696 | Spider:2 | Found the +8 autumn katana {manifold assault}
 59196 | Spider:3 | Noticed Kirke
 59347 | Spider:2 | Killed Kirke
 59453 | Spider:3 | Noticed Donald
 59469 | Spider:3 | Killed Donald
 59821 | Spider:3 | Reached skill level 1 in Air Magic
 60674 | Spider:3 | Received a gift from Nemelex Xobeh
 60679 | Spider:3 | Identified the +0 hat of Parlour Games {Dex+3}
 60761 | Spider:3 | Identified the +0 sling "Puuter" {heavy, MP+9}
 61355 | Spider:4 | Entered Level 4 of the Spider Nest
 61504 | Spider:4 | Received a gift from Nemelex Xobeh
 61512 | Spider:4 | Noticed Arachne
 61623 | Spider:4 | Noticed Mara
 61631 | Spider:4 | Killed Mara
 61632 | Spider:4 | Reached skill level 5 in Stealth
 61638 | Spider:4 | Killed Arachne
 61639 | Spider:4 | Reached skill level 5 in Evocations
 62615 | Spider:4 | Received a gift from Nemelex Xobeh
 63620 | Spider:4 | Reached XP level 20. HP: 149/149 MP: 16/30
 64155 | Spider:4 | Noticed Agnes
 64156 | Spider:4 | Agnes changed into Agnes the torpor snail
 64156 | Spider:4 | Noticed Agnes
 64163 | Spider:4 | Killed Agnes the torpor snail
 64668 | Spider:4 | Got a gossamer rune of Zot
 65180 | Elf:1    | Entered Level 1 of the Elven Halls
 66153 | Elf:1    | Found Nidyxyna's Jewellery Shop.
 66290 | Elf:1    | Received a gift from Nemelex Xobeh
 66303 | Elf:1    | Reached skill level 15 in Invocations
 67161 | Elf:1    | Identified Roxanne's Directory of Cleavage
 67161 | Elf:1    | Noticed Roxanne
 67678 | Elf:1    | Killed Roxanne
 69095 | Elf:2    | Found a runed translucent gate.
 69095 | Elf:2    | Found a runed translucent gate.
 69095 | Elf:2    | Found a runed translucent gate.
 69283 | Elf:3    | Entered Level 3 of the Elven Halls
 69290 | Elf:3    | Received a gift from Nemelex Xobeh
 69329 | Elf:3    | Found Hoesitae's Armour Shoppe.
 69398 | Elf:3    | Found Xanaid's General Store.
 69423 | Elf:3    | Found Laewac's Jewellery Shoppe.
 69448 | Elf:3    | Found Ettic's Jewellery Shoppe.
 69551 | Elf:3    | Identified the +0 tower shield of Anaesthesia {rN+ Will+
                  | Slay-5}
 70617 | Elf:3    | Reached XP level 21. HP: 141/157 MP: 11/32
 70921 | Elf:3    | Identified the +2 lajatang of Dissent {antimagic, rCorr
                  | Dex+2}
 71425 | Elf:3    | Identified the +2 long sword of the Big Fish {heavy, Str+3
                  | Int+5}
 71606 | Elf:3    | Noticed a Tzitzimitl
 71757 | Elf:3    | Received a gift from Nemelex Xobeh
 71904 | Elf:3    | Identified the +2 scale mail of Sexzebb {Str+3}
 71909 | Elf:3    | Found Syzois's Book Boutique.
 72822 | Elf:3    | Found the ring of the Octopus King {Wiz HP+2 AC+2 EV+2
                  | SH+2}
 73224 | Elf:3    | Identified the staff of air "Oxuy" {rElec Stlth+}
 73229 | Elf:3    | Identified the +0 pair of gloves of Undesirable Species
                  | {Int+3}
 73247 | Elf:3    | Got Sif Muna's Excursus on Wicked Words
 73270 | Elf:3    | Identified the +6 plate armour of Relativism {+Blink Str+2}
 73274 | Elf:3    | Identified the staff of earth "Zaream" {rElec Will+ Int+3
                  | Dex-4}
 73336 | Elf:3    | Received a gift from Nemelex Xobeh
 73515 | Elf:3    | Bought a +3 ring mail of cold resistance for 390 gold
                  | pieces
 73760 | D:14     | Found a gate to the Vaults.
 73887 | Vaults:1 | Entered Level 1 of the Vaults
 74273 | Elf:3    | Bought the Grimoire of Vicissitude for 544 gold pieces
 74276 | Elf:3    | Learned a level 2 spell: Wereblood
 74311 | Elf:3    | Identified the +6 war axe "Wecsirau" {flame, rC+}
 74311 | Elf:3    | Identified the amulet of Hiotwot {RegenMP Harm rPois Dex-3}
 74546 | Vaults:1 | Reached skill level 1 in Transmutations
 74624 | Vaults:1 | Received a gift from Nemelex Xobeh
 74979 | Vaults:1 | Found Myikiarue's Antique Weapon Boutique.
 75185 | Vaults:1 | Received a gift from Nemelex Xobeh
 76108 | Vaults:1 | Reached skill level 5 in Shields
 76636 | Vaults:2 | Reached skill level 5 in Transmutations
 76822 | Vaults:2 | Found a staircase to the Crypt.
 76923 | Vaults:2 | Received a gift from Nemelex Xobeh
 77022 | Vaults:2 | Reached XP level 22. HP: 174/174 MP: 19/34
 77023 | Vaults:2 | Reached skill level 15 in Fighting
 77422 | Vaults:2 | Identified the +9 mace "Baosuuc" {freeze, Will+ Int+2
                  | Stlth+}
 78130 | Vaults:2 | HP: 8/175 [orc warlord/+4 battleaxe of freezing (25)]
 78612 | Vaults:2 | Received a gift from Nemelex Xobeh
 78840 | Vaults:3 | Noticed Boris
 78854 | Vaults:3 | Killed Boris
 78935 | Vaults:3 | Found Junto's Antique Weapon Shoppe.
 78975 | Vaults:3 | Reached skill level 15 in Dodging
 79075 | Vaults:3 | Found Fioxoi Ubaas's General Store.
 79550 | Vaults:3 | Received a gift from Nemelex Xobeh
 79963 | Vaults:3 | Noticed Sojobo
 79972 | Vaults:3 | Killed Sojobo
 80309 | Vaults:4 | Received a gift from Nemelex Xobeh
 80640 | Vaults:4 | Reached XP level 23. HP: 181/181 MP: 26/36
 81250 | Vaults:4 | Received a gift from Nemelex Xobeh
 81370 | Vaults:4 | Noticed Boris
 81387 | Vaults:4 | Killed Boris
 82540 | Slime:1  | Entered Level 1 of the Pits of Slime
 83126 | Slime:2  | Received a gift from Nemelex Xobeh
 83576 | Slime:3  | an acid blob changed into a golden dragon
 83576 | Slime:3  | Noticed a golden dragon
 83624 | Slime:3  | Killed a golden dragon
 83711 | Slime:3  | Received a gift from Nemelex Xobeh
 84766 | Slime:4  | Identified the +0 trident of Judgement {freeze, rElec rCorr
                  | Str+3}
 85280 | Slime:4  | Reached skill level 10 in Evocations
 86179 | Slime:4  | Found a viscous altar of Jiyva.
 86373 | Slime:5  | Entered Level 5 of the Pits of Slime
 86376 | Slime:5  | Gained mutation: Armour fits poorly on your strangely
                  | shaped body. [a shining eye]
 86530 | Slime:5  | Gained mutation: Your magical capacity is low. (-10% MP) [a
                  | shining eye]
 86532 | Slime:5  | Gained mutation: Your body sometimes deteriorates upon
                  | taking damage. [a shining eye]
 86540 | Slime:5  | Received a gift from Nemelex Xobeh
 86599 | Slime:5  | Lost mutation: Armour fits poorly on your strangely shaped
                  | body. [potion of mutation]
 86599 | Slime:5  | Lost mutation: Your body sometimes deteriorates upon taking
                  | damage. [potion of mutation]
 86599 | Slime:5  | Gained mutation: Your spells are a little harder to cast,
                  | but a little more powerful. [potion of mutation]
 86599 | Slime:5  | Gained mutation: You are strong-willed. (Will+) [potion of
                  | mutation]
 86599 | Slime:5  | Gained mutation: You are partially covered in iridescent
                  | scales. (AC +2) [potion of mutation]
 86599 | Slime:5  | Gained mutation: You possess an exceptional clarity of
                  | mind. [potion of mutation]
 87035 | Slime:5  | Noticed the Royal Jelly
 87470 | Slime:5  | Killed the Royal Jelly
 87668 | Slime:5  | Gained mutation: You are dopey. (Int -2) [a shining eye]
 87672 | Slime:5  | Reached XP level 24. HP: 191/191 MP: 14/32
 87852 | Slime:5  | Gained mutation: You are weak. (Str -2) [a shining eye]
 87871 | Slime:5  | Identified the +2 war axe of Contradiction {elec, Fly rPois
                  | rF+ Str-2}
 87877 | Slime:5  | Identified the ring "Casaxiti" {rPois EV+5}
 87901 | Slime:5  | Got the Papyrus of Summoning
 87903 | Slime:5  | Identified the ring "Noaxt" {rF+ EV+5}
 87939 | Slime:5  | Identified the staff of earth "Poirgh" {Contam Int+7}
 87959 | Slime:5  | Identified the +6 flail "Lulegel" {heavy, rPois Int+3
                  | Dex+3}
 87974 | Slime:5  | Identified a scroll of acquirement
 87974 | Slime:5  | Acquired 876 gold pieces
 88004 | Slime:5  | Got a slimy rune of Zot
 88717 | D:15     | Received a gift from Nemelex Xobeh
 88728 | D:15     | Found an iron altar of Okawaru.
 88780 | D:15     | Killed Louise
 89217 | D:15     | Found a staircase to the Depths.
 89479 | Depths:1 | Entered Level 1 of the Depths
 89516 | Depths:1 | Received a gift from Nemelex Xobeh
 90563 | Depths:1 | Found a one-way gateway to a ziggurat.
 90731 | Depths:1 | Received a gift from Nemelex Xobeh
 90778 | Depths:1 | Found Juang's Neck Hole.
 91004 | Depths:1 | Found Cakkumm's General Store.
 91063 | Depths:1 | Found a gateway to Hell.
 91444 | Depths:1 | Received a gift from Nemelex Xobeh
 92254 | Depths:2 | Found a one-way gate leading to the halls of Pandemonium.
 92351 | Depths:2 | Found a white marble altar of Elyvilon.
 92681 | Depths:2 | Noticed a caustic shrike
 92692 | Depths:2 | Killed a caustic shrike
 93145 | Depths:2 | Received a gift from Nemelex Xobeh
 93207 | Depths:2 | Noticed a juggernaut
 93220 | Depths:2 | Killed a juggernaut
 93490 | Depths:2 | Identified the amulet "Mimmo" {Acrobat Int+4 Slay+2}
 93854 | Depths:2 | Identified the +2 robe "Nofylin" {rElec rCorr Str-2 Int-5}
 94007 | Depths:2 | Noticed a golden dragon
 94073 | Depths:2 | Killed a golden dragon
 94238 | Depths:3 | Found Zahooviav's Jewellery Shop.
 94242 | Depths:3 | Reached XP level 25. HP: 201/201 MP: 24/32
 94245 | Depths:3 | Noticed Saint Roka
 94324 | Depths:3 | Killed Saint Roka
 94544 | Depths:3 | Got the Catalogue of Kinetic Energy
 94567 | Depths:3 | Found a shimmering blue altar of Sif Muna.
 94674 | Depths:3 | Noticed an ancient lich
 94676 | Depths:3 | Noticed an ancient lich
 94681 | Depths:3 | Killed an ancient lich
 94689 | Depths:3 | Killed an ancient lich
 94899 | Depths:3 | Got the Verses on Tectonic Changes
 94901 | Depths:3 | Got the Compendium of the Armadillo
 94921 | Depths:3 | Got the Collected Works on Metallic Putrescence
 94923 | Depths:3 | Got the Spellbook of Kismet
 95075 | Depths:3 | Identified the staff of fire "Ruceixipt" {rF+ rC+++ Str-3}
 95077 | Depths:3 | Got Sif Muna's Secrets of Snow-white Voltage
 95936 | Depths:3 | Found an opulent altar of Gozag.
 96327 | Depths:4 | Entered Level 4 of the Depths
 96334 | Depths:4 | Reached skill level 15 in Evocations
 96450 | Depths:4 | Received a gift from Nemelex Xobeh
 96486 | Depths:4 | Reached skill level 20 in Long Blades
 97313 | Depths:4 | Found a gate to the Realm of Zot.
 97635 | Depths:4 | Reached skill level 5 in Spellcasting
 98348 | Depths:4 | Noticed a caustic shrike
 98350 | Depths:4 | Noticed a caustic shrike
 98351 | Depths:4 | Noticed a caustic shrike
 98352 | Depths:4 | Noticed a caustic shrike
 98352 | Depths:4 | Noticed a caustic shrike
 98353 | Depths:4 | a caustic shrike changed into an iron giant
 98353 | Depths:4 | a caustic shrike changed into a shadow dragon
 98358 | Depths:4 | Killed a caustic shrike
 98360 | Depths:4 | Killed a caustic shrike
 98363 | Depths:4 | Killed a caustic shrike
 98425 | Depths:4 | Reached skill level 15 in Translocations
 98507 | Depths:4 | Reached XP level 26. HP: 188/208 MP: 21/32
 98785 | Depths:4 | Found a portal to a secret trove of treasure.
 98936 | Depths:4 | Received a gift from Nemelex Xobeh
 99165 | Depths:4 | Found Milututrep's Antique Weapon Shoppe.
 99444 | Depths:4 | You paid a toll of 14 potions of curing to enter a treasure
                  | trove
 99445 | Trove    | Entered a treasure trove
 99469 | Trove    | Got Sif Muna's Omnibus of Doomed Transformation
 99479 | Trove    | Received a gift from Nemelex Xobeh
 99562 | Depths:3 | Bought the ring "Jetucaym" {rC+++ rCorr MP+9 Dex-5} for
                  | 1142 gold pieces
 99728 | Zot:1    | Entered Level 1 of the Realm of Zot
100196 | Vaults:3 | Bought a scroll of magic mapping for 105 gold pieces
100196 | Vaults:3 | Bought a scroll of enchant weapon for 105 gold pieces
100513 | Elf:3    | Identified the +7 rapier of Ataes {freeze, MP+9}
101207 | Zot:1    | HP: 8/208 [tentacled monstrosity (20)]
101208 | Zot:1    | Demolished by a tentacled monstrosity

Illustrated notes

Levels and vault maps discovered:
D:1:      lightli_arrival_boilingwater, layout_rooms
D:2:      layout_loops_cross, minmay_fountain_box
D:3:      layout_rooms, chequers_serial_rivers_micro_b,
          chequers_serial_rivers_marsh, uniq_robin
D:4:      minmay_bubble_buster, layout_rooms, xom_redecorated,
          grunt_qazlal_sundering, lemuel_crystal_altar, uniq_blork_the_orc
D:5:      layout_basic, kennysheep_little_box, overflow_temple_1_default,
          gammafunk_ghost_abyssal_escape, minmay_misc_feat_tower, st_stairs_2,
          uniq_pikel
D:6:      layout_basic, minmay_temple_entry_metal_lava, uniq_edmund,
          uniq_menkaure, uniq_sigmund
D:7:      layout_basic, gammafunk_temple_overflow_pools,
          minmay_misc_feat_ornament, minmay_ruffians, uniq_maggie
D:8:      layout_basic, lair_entry_dummy, enter_bailey_5, minmay_starry_boxes
D:9:      layout_roguey, mainiacjoe_overflow_brackets, gammafunk_ghost_grave
D:10:     layout_roguey
D:11:     layout_cave_pools
D:12:     layout_stronghold, erik_orc_3, uniq_gastronok
D:13:     layout_stronghold, portal_ice_cave_entry_pillars_1, uniq_rupert,
          uniq_azrael
D:14:     minmay_the_grid_3x3 [minmay_the_grid_tree,
          minmay_the_grid_holed_spiral, minmay_the_grid_all_tris,
          minmay_the_grid_outer_diamond, minmay_the_grid_large_cup,
          minmay_the_grid_garden, minmay_the_grid_fan, minmay_the_grid_doors,
          minmay_the_grid_prize_four_corners], layout_gridville,
          grunt_vaults_entry_tiered, nicolae_figureground_pulse
D:15:     grunt_enter_depths_hoard, layout_loops_cross,
          okawaru_altar_gauntlet_db, uniq_louise
Lair:1:   layout_gridlike, uniq_fannar, uniq_grum, uniq_urug, uniq_harold
Lair:2:   layout_long_grid, elwin_shoals_entry_stream
Lair:3:   statuecave_lemuel, layout_chaotic_city,
          nicolae_spider_entry_tight_spaces, uniq_amaemon
Lair:4:   beargit_carnivore_pack, layout_regular_city
Lair:5:   guppyfry_lair_end_dragon, layout_concentric_octagons, wormcave,
          dpeg_slime_entry_corner, kennysheep_abandoned_house,
          infiniplex_staircase_pool_2
Shoals:1: layout_shoals
Shoals:2: layout_shoals, nicolae_shop_firing_range, uniq_jorgrun
Shoals:3: nicolae_shoals_aurelia_aurita, layout_shoals, uniq_nikola
Shoals:4: shoals_end_simple, layout_shoals, shoal_ilsuiw,
          nicolae_shoals_circle_sea_wall, nicolae_shoals_shepherds,
          uniq_polyphemus
Spider:1: layout_spider_delve, nicolae_spider_webbed_stairs
Spider:2: layout_spider_delve, ebering_ghost_inner_flame
Spider:3: nicolae_spider_mines_3, uniq_donald, uniq_kirke
Spider:4: guppyfry_spider_rune, spiders_nest_ghost_moth_duel, uniq_mara,
          uniq_agnes, uniq_arachne
Slime:1:  layout_caves
Slime:2:  layout_caves
Slime:3:  layout_caves
Slime:4:  layout_caves, basic_altar
Slime:5
Orc:1:    layout_caves, david_defended_altar_orc, uniq_maurice
Orc:2:    st_orc_open, layout_caves, basic_altar, minmay_orc_temple_c
Elf:1:    minmay_elf_arrival_summoners, layout_geoelf_octagon, serial_shops,
          shop, kennysheep_underground_church, uniq_roxanne
Elf:2:    elven_hall_of_blades_hangedman_original
          [nicolae_blade_entry_hurt_lockers], layout_geoelf_grid
Elf:3:    grunt_elf_hall_spiral, layout_loops_corners, serial_shops,
          nicolae_shop_hallway_stairs, shop, shop, shop,
          nicolae_shop_statue_plus
Vaults:1: v_misc_27, nicolae_vaults_big_ls, vaults_room_grunt_arrival_ludios,
          serial_ice_g, vaults_room_stairs_pillars, hangedman_vaults_cutoff,
          layout_vaults_big_room, serial_shops, nicolae_shop_overgrown_old_shop
Vaults:2: minmay_crypt_entry_vampire_xt, nicolae_vaults_network_quinsquares
          [nicolae_vaults_network_quincunx_subvault,
          nicolae_vaults_network_quincunx_subvault,
          nicolae_vaults_network_quincunx_subvault,
          nicolae_vaults_network_quincunx_subvault],
          nicolae_vaults_specimen_jars, v_misc_13, v_pattern_5,
          grunt_vaults_hallway_short, grunt_vaults_trifunnel,
          hangedman_vaults_pinch, nicolae_vaults_network_square, v_misc_2,
          nicolae_vaults_little_squares_3, grunt_vaults_focal,
          vaults_room_semicircle, layout_vaults_maze_bifur, uniq_margery
Vaults:3: hangedman_vaults_maws, ontoclasm_vaults_shuriken,
          ontoclasm_vaults_decontamination, vaults_mumra_chevron_long,
          ontoclasm_vaults_twist, vaults_room_door_hall, grunt_vaults_diagonal,
          hangedman_vaults_restitches, nicolae_vaults_disjoint_gnomons,
          nicolae_vaults_sealed_display, nicolae_vaults_shelves_hall, v_misc_32,
          ontoclasm_vaults_loading_screen, layout_vaults_omnibox, serial_shops,
          shop_coins, nicolae_shop_behind_doors, uniq_boris, uniq_sojobo
Vaults:4: vaults_mumra_minichess_inversion, v_misc_28, vaults_room_door_ring,
          v_misc_28, vaults_dpeg_spiral, hangedman_vaults_cutoff,
          layout_vaults_omnigrid
Depths:1: layout_basic, enter_ziggurat_d, grunt_hell_horde, serial_shops,
          nicolae_shop_behind_doors, abyss_entry,
          nicolae_shop_sticking_my_neck_out
Depths:2: minmay_swirls_squares, layout_gridville, hell_entry,
          grunt_pan_entry_sceptre, nicolae_elyvilon_peaceful_grove
Depths:3: evilmike_library_of_no_secrets, layout_honeycomb,
          grunt_hell_entry_dis_grunt, serial_shops, shop,
          nicolae_gozag_cash_rules_everything_around_me,
          nicolae_abyss_entry_one_way_or_another, uniq_saint_roka
Depths:4: evilmike_zot_entry_diamond, layout_long_grid, serial_shops, shop,
          abyss_entry, enter_trove_1, hell_entry, serial_bayou,
          serial_bayou_lagoon_a, serial_bayou_ford_a, serial_bayou_shore_a,
          serial_bayou_pond_a
Zot:1:    layout_onion, lemuel_baited_zot_trap, st_stairs_7, grunt_megastairs_5,
          uniq_tiamat

Skill      XL: |  1  2  3  4  5  6  7  8  9 10 11 12 13 14 15 16 17 18 19 20 21 22 23 24 25 |
---------------+----------------------------------------------------------------------------+-----
Long Blades    | 3 4 5 6 7 9 11 13 14 15 18 19 20 | 20.9
Stealth        | 1 2 4 5 6 |  6.0
Short Blades   | 2 4 |  4.4
Translocations | 5 6 11 12 13 14 15 | 15.0
Invocations    | 1 5 9 10 11 12 14 15 16 18 19 | 19.0
Evocations     | 1 3 4 5 8 9 10 12 15 | 15.0
Fighting       | 5 7 8 9 10 12 14 15 17 | 17.0
Dodging        | 5 6 7 8 9 11 12 13 14 16 17 18 | 18.0
Armour         | 3 6 7 9 11 | 11.0
Spellcasting   | 4 5 |  5.0
Shields        | 1 5 |  5.0
Air Magic      | 2 |  2.0
Transmutations | 5 7 |  7.0
Throwing       | |  1.0

Action                     |  1- 3 |  4- 6 |  7- 9 | 10-12 | 13-15 | 16-18 | 19-21 | 22-24 | 25-27 || total
---------------------------+-------+-------+-------+-------+-------+-------+-------+-------+-------++-------
  Melee: Falchion          |   160 |    71 |   314 |    50 |       |       |       |       |       ||   595
         Punch             |     2 |     1 |     5 |     5 |    10 |       |     7 |       |       ||    30
         Dagger            |       |   104 |    86 |    39 |    27 |    15 |    10 |       |       ||   281
         Unarmed           |       |     1 |       |       |       |       |       |       |       ||     1
         Long sword        |       |       |       |    96 |       |       |       |       |       ||    96
         Scimitar          |       |       |       |   296 |  1162 |  1667 |       |       |       ||  3125
         Great sword       |       |       |       |       |       |    81 |   250 |       |       ||   331
         Katana            |       |       |       |       |       |       |  1607 |  2144 |   692 ||  4443
         Demon blade       |       |       |       |       |       |       |    14 |    33 |       ||    47
         Triple sword      |       |       |       |       |       |       |       |       |    20 ||    20
   Fire: Sling             |       |     4 |       |       |       |       |       |       |       ||     4
         Shortbow          |       |       |   121 |    36 |       |       |       |       |       ||   157
         Arbalest          |       |       |       |    38 |    61 |       |       |       |       ||    99
  Throw: Javelin           |       |    16 |       |       |       |       |       |       |       ||    16
         Boomerang         |       |     3 |     7 |     1 |       |       |       |       |       ||    11
         Dart              |       |       |    16 |    19 |    10 |       |     1 |     1 |       ||    47
         Throwing net      |       |       |       |     2 |       |       |       |       |       ||     2
   Cast: Blink             |       |     1 |       |       |     2 |     1 |     1 |     2 |       ||     7
         Apportation       |       |       |       |     1 |       |       |       |       |       ||     1
         Manifold Assault  |       |       |       |       |   364 |   595 |   757 |   769 |   268 ||  2753
         Wereblood         |       |       |       |       |       |       |       |    12 |       ||    12
         Passage of Golubr |       |       |       |       |       |       |       |     1 |       ||     1
 Invoke: Draw Destruction  |       |       |       |    10 |    36 |    44 |     8 |    14 |     8 ||   120
         Draw Summoning    |       |       |       |     1 |     5 |    10 |     4 |     6 |     1 ||    27
         Stack Five        |       |       |       |       |       |     1 |       |       |       ||     1
         Deal Four         |       |       |       |       |       |       |       |     1 |       ||     1
  Evoke: Wand              |       |     1 |     3 |    13 |     4 |    10 |     3 |     2 |       ||    36
         Lightning rod     |       |       |       |       |       |     3 |       |       |       ||     3
         Condenser vane    |       |       |       |       |       |       |     1 |     4 |     1 ||     6
         Phial of floods   |       |       |       |       |       |       |       |     1 |       ||     1
         Box of beasts     |       |       |       |       |       |       |       |     1 |       ||     1
         Tin of tremorston |       |       |       |       |       |       |       |     2 |       ||     2
         Phantom mirror    |       |       |       |       |       |       |       |     1 |       ||     1
    Use: Scroll            |       |       |    15 |    10 |     5 |     3 |     6 |     5 |    12 ||    56
         Potion            |       |       |       |     1 |     1 |     3 |       |     5 |       ||    10
   Stab: Sleeping          |     2 |       |       |     4 |     3 |       |     6 |       |       ||    15
         Distracted        |       |       |       |     2 |     1 |     1 |     1 |     3 |       ||     8
 Armour: Leather armour    |    51 |       |    25 |    52 |       |       |       |       |       ||   128
         Scale mail        |    40 |    62 |    78 |       |       |       |       |       |       ||   180
         Swamp dragon scal |       |       |       |    48 |   224 |   281 |   129 |       |       ||   682
         Ring mail         |       |       |       |       |       |       |    11 |   205 |    72 ||   288
  Dodge: Dodged            |    91 |   110 |   244 |   337 |   417 |   861 |   456 |   427 |   234 ||  3177
         Repelled          |       |       |       |       |       |       |     7 |    11 |     7 ||    25
  Block: Buckler           |       |       |       |       |    44 |   211 |    27 |   130 |    47 ||   459

Table legend: (Time is in decaauts)
 A = Elapsed time spent in this place.
 B = Non-inter-level travel time spent in this place.
 C = Inter-level travel time spent in this place.
 D = Time resting spent in this place.
 E = Time spent auto-exploring this place.
 F = Levels seen in this place.
 G = Mean time per level.
                   A        B        C        D        E       F      G
               +--------+--------+--------+--------+--------+-----+--------+
         Total | 100119 |  92356 |   7763 |  42412 |  34591 |  51 | 1963.1 |
       Dungeon |  25423 |  21941 |   3482 |   6217 |  10917 |  15 | 1694.9 |
          Lair |  15187 |  13795 |   1392 |   7127 |   4215 |   5 | 3037.4 |
        Shoals |   9912 |   9616 |    296 |   4557 |   3616 |   4 | 2478.0 |
   Spider Nest |   9519 |   9325 |    194 |   5781 |   2222 |   4 | 2379.8 |
    Slime Pits |   4794 |   4518 |    276 |   2614 |   1138 |   5 |  958.8 |
  Orcish Mines |   6277 |   6107 |    170 |   4120 |   1292 |   2 | 3138.5 |
   Elven Halls |   8285 |   7582 |    703 |   3486 |   3280 |   3 | 2761.7 |
        Vaults |   7938 |   7017 |    921 |   2410 |   3792 |   4 | 1984.5 |
        Depths |  10017 |   9694 |    323 |   4463 |   3947 |   4 | 2504.2 |
           Zot |     26 |     24 |      2 |      0 |      5 |   1 |   26.0 |
         Abyss |    817 |    817 |      0 |    479 |      0 |   1 |  817.0 |
         Trove |     72 |     72 |      0 |      0 |     39 |   1 |   72.0 |
        Bailey |   1695 |   1695 |      0 |   1045 |    121 |   1 | 1695.0 |
      Ice Cave |    150 |    150 |      0 |    107 |      5 |   1 |  150.0 |
               +--------+--------+--------+--------+--------+-----+--------+

Top non-repeatable levels by time:
  Lair:5: 5446 daAuts
    D:14: 3990 daAuts
   Orc:1: 3672 daAuts
Shoals:4: 3451 daAuts
   Elf:3: 3429 daAuts
  Lair:4: 2857 daAuts
Depths:3: 2839 daAuts
    D:13: 2781 daAuts
Spider:4: 2706 daAuts
    D:12: 2666 daAuts
  Lair:3: 2655 daAuts
Spider:1: 2635 daAuts
Vaults:2: 2628 daAuts
   Orc:2: 2604 daAuts
   Elf:1: 2579 daAuts
